[ PARTIDA AOE2 · #507256775 ]
UnrankedPersas vs Teutons
Equipo del jugador · VICT
Equipo rival · DERR
[ ANÁLISIS DE REPETICIÓN · EXTRAÍDO DE LA PARTIDA GRABADA ]
Feudal
9:43
Castillos
14:26
Imperial
35:59
| APM promedio | 60.4 |
| APM pico | 112 |
| eAPM promedio | 24.0 |
| Aldeanos / militares | 138 / 212 |
Foco
⚔️ 32.2% · 🌾 67.8%
Hand Cannoneer ×112 · Spearman ×72 · Monk ×12 · Mangonel ×7 · Bombard Cannon ×6 · Trebuchet (Packed) ×3
Feudal
8:58
Castillos
24:25
Imperial
38:02
| APM promedio | 41.8 |
| APM pico | 90 |
| eAPM promedio | 24.2 |
| Aldeanos / militares | 186 / 182 |
Foco
⚔️ 33.2% · 🌾 66.8%
Hand Cannoneer ×146 · Scout Cavalry ×8 · Spearman ×5 · Bombard Cannon ×5 · Trebuchet (Packed) ×5 · Knight ×4
Mapa de la partida
Recursos iniciales + cada clic de construcción. Líneas = muros · curvas = relieve. ◆ oro · ⬟ piedra · ● bayas · ✦ reliquia · ◌ hueco del cierre
Tu base· ✓ Cerrada en 14:26 · 16t muro · 4 puerta(s)
Base de mitrokhin· ✓ Cerrada en 24:25 · 1t muro · 3 puerta(s)
Terreno inicial suavizado · ◌ = hueco del cierre detectado · pasá el cursor para detalles
Inputs por minuto
— RoR | AngelinaJolie - - mitrokhin
Build order — RoR | AngelinaJolie
Primeras 150 de 409 acciones detectadas
| 0:00 | Crear | Villager (Male) |
| 0:00 | Crear | Villager (Male) |
| 0:01 | Crear | Villager (Male) |
| 0:01 | Crear | Villager (Male) |
| 0:01 | Crear | Villager (Male) |
| 0:02 | Construir | House |
| 0:04 | Construir | House |
| 1:23 | Crear | Villager (Male) |
| 1:48 | Crear | Villager (Male) |
| 2:05 | Construir | Lumber Camp |
| 2:27 | Crear | Villager (Male) |
| 2:54 | Crear | Villager (Male) |
| 2:55 | Crear | Villager (Male) |
| 3:40 | Construir | House |
| 3:47 | Crear | Villager (Male) |
| 3:47 | Crear | Villager (Male) |
| 4:03 | Crear | Villager (Male) |
| 4:17 | Construir | Mill |
| 4:30 | Construir | Mill |
| 5:01 | Crear | Villager (Male) |
| 5:22 | Crear | Villager (Male) |
| 5:22 | Crear | Villager (Male) |
| 5:22 | Crear | Villager (Male) |
| 5:23 | Crear | Villager (Male) |
| 5:36 | Crear | Villager (Male) |
| 6:08 | Construir | House |
| 7:15 | Crear | Villager (Male) |
| 7:30 | Investigar | Feudal Age |
| 8:59 | Crear | Villager (Male) |
| 8:59 | Crear | Villager (Male) |
| 9:33 | Investigar | Loom |
| 9:38 | Construir | House |
| 9:41 | Construir | Palisade Wall |
| 9:43 | Edad | Edad Feudal |
| 9:45 | Construir | Mining Camp |
| 9:50 | Construir | Watch Tower |
| 9:53 | Crear | Villager (Male) |
| 9:59 | Construir | Stone Wall |
| 10:09 | Construir | Market |
| 10:11 | Construir | Blacksmith |
| 10:13 | Crear | Villager (Male) |
| 10:36 | Construir | House |
| 10:42 | Construir | Stone Wall |
| 10:45 | Construir | Stone Wall |
| 10:46 | Construir | Stone Wall |
| 10:51 | Construir | Stone Wall |
| 11:00 | Construir | Farm |
| 11:10 | Crear | Villager (Male) |
| 11:28 | Construir | Farm |
| 11:31 | Construir | Farm |
| 12:00 | Investigar | Castle Age |
| 12:09 | Construir | Mining Camp |
| 13:15 | Construir | Farm |
| 13:20 | Construir | Farm |
| 13:22 | Construir | Farm |
| 13:28 | Investigar | Double-Bit Axe |
| 14:14 | Crear | Villager (Male) |
| 14:26 | Edad | Edad de los Castillos |
| 14:28 | Construir | Siege Workshop |
| 14:35 | Crear | Villager (Male) |
| 14:51 | Construir | Palisade Gate |
| 14:53 | Construir | Palisade Wall |
| 15:02 | Crear | Mangonel |
| 15:06 | Crear | Villager (Male) |
| 15:10 | Construir | Farm |
| 15:25 | Crear | Villager (Male) |
| 15:46 | Crear | Villager (Male) |
| 16:08 | Crear | Mangonel |
| 16:11 | Construir | House |
| 16:23 | Construir | House |
| 16:24 | Construir | House |
| 16:34 | Crear | Villager (Male) |
| 16:34 | Crear | Villager (Male) |
| 16:34 | Crear | Villager (Male) |
| 16:39 | Construir | Farm |
| 16:42 | Construir | Farm |
| 17:05 | Construir | Monastery |
| 17:56 | Crear | Villager (Male) |
| 17:56 | Crear | Villager (Male) |
| 18:21 | Crear | Villager (Male) |
| 18:46 | Crear | Villager (Male) |
| 19:10 | Crear | Monk |
| 19:27 | Crear | Villager (Male) |
| 19:27 | Crear | Villager (Male) |
| 20:12 | Crear | Mangonel |
| 20:51 | Crear | Villager (Male) |
| 20:52 | Crear | Villager (Male) |
| 20:52 | Crear | Villager (Male) |
| 20:52 | Crear | Villager (Male) |
| 21:23 | Construir | Farm |
| 21:24 | Crear | Villager (Male) |
| 21:53 | Construir | House |
| 22:03 | Crear | Monk |
| 22:38 | Construir | Town Center |
| 22:46 | Crear | Villager (Male) |
| 22:52 | Construir | House |
| 23:07 | Crear | Monk |
| 23:13 | Crear | Monk |
| 23:16 | Crear | Villager (Male) |
| 23:16 | Crear | Villager (Male) |
| 23:18 | Construir | Farm |
| 23:28 | Construir | House |
| 23:48 | Crear | Villager (Male) |
| 24:00 | Construir | Barracks |
| 24:01 | Crear | Villager (Male) |
| 24:02 | Crear | Villager (Male) |
| 24:03 | Crear | Villager (Male) |
| 24:07 | Construir | Farm |
| 24:09 | Construir | Farm |
| 24:12 | Crear | Villager (Male) |
| 24:12 | Crear | Villager (Male) |
| 24:12 | Crear | Villager (Male) |
| 25:37 | Crear | Villager (Male) |
| 25:37 | Crear | Villager (Male) |
| 25:37 | Crear | Villager (Male) |
| 25:37 | Crear | Villager (Male) |
| 25:39 | Crear | Villager (Male) |
| 25:49 | Crear | Monk |
| 25:49 | Crear | Monk |
| 26:00 | Crear | Spearman |
| 26:01 | Crear | Spearman |
| 26:06 | Construir | Town Center |
| 26:19 | Construir | Farm |
| 26:19 | Construir | Farm |
| 26:20 | Construir | Farm |
| 26:21 | Construir | Farm |
| 26:21 | Construir | Farm |
| 26:22 | Construir | Farm |
| 26:24 | Construir | Farm |
| 26:24 | Construir | Farm |
| 26:34 | Crear | Monk |
| 26:39 | Construir | House |
| 26:40 | Construir | Outpost |
| 26:44 | Investigar | Bow Saw |
| 26:45 | Crear | Villager (Male) |
| 27:03 | Crear | Spearman |
| 27:11 | Crear | Villager (Male) |
| 27:25 | Construir | House |
| 27:42 | Construir | Palisade Wall |
| 27:43 | Construir | Palisade Wall |
| 27:44 | Construir | Palisade Wall |
| 27:50 | Crear | Spearman |
| 27:53 | Construir | Siege Workshop |
| 27:58 | Crear | Villager (Male) |
| 27:59 | Crear | Villager (Male) |
| 27:59 | Crear | Villager (Male) |
| 27:59 | Crear | Villager (Male) |
| 28:01 | Construir | Farm |
| 28:02 | Construir | Farm |
| 28:03 | Crear | Villager (Male) |
Build order — mitrokhin
Primeras 150 de 500 acciones detectadas
| 0:01 | Crear | Villager (Male) |
| 0:01 | Crear | Villager (Male) |
| 0:02 | Crear | Villager (Male) |
| 0:02 | Crear | Villager (Male) |
| 0:02 | Crear | Villager (Male) |
| 0:03 | Construir | House |
| 0:04 | Construir | House |
| 1:23 | Crear | Villager (Male) |
| 1:23 | Crear | Villager (Male) |
| 1:49 | Crear | Villager (Male) |
| 1:49 | Crear | Villager (Male) |
| 2:10 | Construir | Lumber Camp |
| 2:27 | Crear | Villager (Male) |
| 2:27 | Crear | Villager (Male) |
| 2:47 | Crear | Villager (Male) |
| 2:48 | Crear | Villager (Male) |
| 3:05 | Crear | Villager (Male) |
| 3:05 | Crear | Villager (Male) |
| 3:36 | Crear | Villager (Male) |
| 3:36 | Crear | Villager (Male) |
| 3:53 | Construir | House |
| 4:24 | Crear | Villager (Male) |
| 4:24 | Crear | Villager (Male) |
| 4:59 | Crear | Villager (Male) |
| 5:05 | Construir | House |
| 5:31 | Construir | Barracks |
| 5:50 | Crear | Villager (Male) |
| 6:23 | Investigar | Loom |
| 6:45 | Investigar | Feudal Age |
| 7:08 | Crear | Militia |
| 7:13 | Crear | Militia |
| 7:14 | Crear | Militia |
| 7:34 | Construir | Mining Camp |
| 7:42 | Crear | Militia |
| 8:41 | Construir | House |
| 8:52 | Crear | Villager (Male) |
| 8:58 | Edad | Edad Feudal |
| 9:01 | Investigar | Man-at-Arms (upgrade) |
| 9:13 | Construir | Watch Tower |
| 9:17 | Investigar | Double-Bit Axe |
| 9:17 | Investigar | Double-Bit Axe |
| 9:38 | Crear | Villager (Male) |
| 10:10 | Crear | Villager (Male) |
| 10:39 | Crear | Villager (Male) |
| 10:44 | Construir | House |
| 11:00 | Crear | Villager (Male) |
| 11:05 | Construir | Mill |
| 11:15 | Construir | Watch Tower |
| 11:29 | Construir | Watch Tower |
| 11:35 | Crear | Villager (Male) |
| 12:03 | Crear | Villager (Male) |
| 12:13 | Construir | Blacksmith |
| 12:15 | Construir | Farm |
| 12:15 | Construir | Farm |
| 12:16 | Construir | Farm |
| 12:17 | Construir | Farm |
| 12:23 | Crear | Villager (Male) |
| 12:49 | Construir | Farm |
| 13:05 | Construir | Farm |
| 13:06 | Crear | Villager (Male) |
| 13:06 | Crear | Villager (Male) |
| 13:18 | Construir | Farm |
| 13:33 | Crear | Villager (Male) |
| 13:33 | Crear | Villager (Male) |
| 13:40 | Construir | House |
| 13:41 | Construir | House |
| 13:52 | Investigar | Fletching |
| 13:52 | Investigar | Fletching |
| 13:58 | Crear | Villager (Male) |
| 14:25 | Crear | Villager (Male) |
| 14:26 | Crear | Villager (Male) |
| 14:51 | Construir | Watch Tower |
| 15:02 | Crear | Villager (Male) |
| 15:19 | Crear | Villager (Male) |
| 15:23 | Construir | Mining Camp |
| 15:41 | Crear | Villager (Male) |
| 15:49 | Construir | Farm |
| 15:50 | Construir | Farm |
| 16:19 | Crear | Villager (Male) |
| 16:39 | Crear | Villager (Male) |
| 17:11 | Crear | Villager (Male) |
| 17:12 | Construir | Farm |
| 17:18 | Crear | Villager (Male) |
| 17:57 | Crear | Villager (Male) |
| 18:12 | Construir | Watch Tower |
| 18:25 | Crear | Villager (Male) |
| 18:29 | Crear | Villager (Male) |
| 18:46 | Crear | Villager (Male) |
| 19:05 | Construir | Farm |
| 19:06 | Construir | Farm |
| 19:18 | Construir | Mining Camp |
| 19:23 | Construir | House |
| 19:27 | Construir | Farm |
| 19:33 | Construir | Market |
| 19:50 | Crear | Villager (Male) |
| 20:13 | Crear | Villager (Male) |
| 20:26 | Construir | Watch Tower |
| 20:30 | Construir | Stone Wall |
| 20:36 | Crear | Villager (Male) |
| 20:42 | Crear | Villager (Male) |
| 20:47 | Crear | Villager (Male) |
| 20:49 | Crear | Villager (Male) |
| 21:07 | Crear | Villager (Male) |
| 21:15 | Construir | Mill |
| 21:16 | Construir | Farm |
| 21:16 | Construir | Farm |
| 21:16 | Construir | Farm |
| 21:16 | Construir | Farm |
| 21:17 | Construir | Farm |
| 21:17 | Construir | Farm |
| 21:45 | Investigar | Castle Age |
| 22:03 | Construir | Stable |
| 22:10 | Investigar | Horse Collar |
| 22:33 | Investigar | Gold Mining |
| 22:58 | Crear | Scout Cavalry |
| 23:08 | Construir | Lumber Camp |
| 23:20 | Crear | Scout Cavalry |
| 23:34 | Crear | Scout Cavalry |
| 23:57 | Construir | Palisade Gate |
| 24:04 | Crear | Villager (Male) |
| 24:20 | Crear | Scout Cavalry |
| 24:25 | Edad | Edad de los Castillos |
| 24:32 | Crear | Scout Cavalry |
| 24:42 | Crear | Scout Cavalry |
| 24:57 | Crear | Scout Cavalry |
| 25:03 | Crear | Knight |
| 25:03 | Crear | Knight |
| 25:06 | Crear | Villager (Male) |
| 25:06 | Crear | Villager (Male) |
| 25:37 | Crear | Knight |
| 25:39 | Crear | Villager (Male) |
| 25:41 | Construir | Town Center |
| 25:44 | Construir | Town Center |
| 25:47 | Crear | Villager (Male) |
| 26:00 | Crear | Villager (Male) |
| 26:16 | Construir | House |
| 26:22 | Crear | Villager (Male) |
| 26:30 | Crear | Scout Cavalry |
| 26:32 | Investigar | Forging |
| 26:34 | Crear | Villager (Male) |
| 26:47 | Investigar | Wheelbarrow |
| 27:04 | Crear | Villager (Male) |
| 27:21 | Crear | Villager (Male) |
| 27:29 | Crear | Knight |
| 27:39 | Construir | Palisade Wall |
| 27:42 | Crear | Villager (Male) |
| 27:48 | Crear | Villager (Male) |
| 27:51 | Construir | Monastery |
| 27:58 | Investigar | Heavy Plow |
| 28:00 | Construir | Farm |
Cronología de la partida
| 5:31 | mitrokhin · first_building Barracks |
| 8:58 | mitrokhin · age_up feudal |
| 9:41 | RoR | AngelinaJolie · wall_segment Palisade Wall x1 |
| 9:43 | RoR | AngelinaJolie · age_up feudal |
| 9:59 | RoR | AngelinaJolie · wall_segment Stone Wall x11 |
| 10:42 | RoR | AngelinaJolie · wall_segment Stone Wall x1 |
| 10:45 | RoR | AngelinaJolie · wall_segment Stone Wall x1 |
| 10:46 | RoR | AngelinaJolie · wall_segment Stone Wall x1 |
| 10:51 | RoR | AngelinaJolie · wall_segment Stone Wall x1 |
| 11:37 | RoR | AngelinaJolie · first_market_sell 100 wood |
| 14:26 | RoR | AngelinaJolie · age_up castle |
| 14:28 | RoR | AngelinaJolie · first_building Siege Workshop |
| 14:53 | RoR | AngelinaJolie · wall_segment Palisade Wall x1 |
| 17:05 | RoR | AngelinaJolie · first_building Monastery |
| 20:30 | mitrokhin · wall_segment Stone Wall x1 |
| 22:03 | mitrokhin · first_building Stable |
| 24:00 | RoR | AngelinaJolie · first_building Barracks |
| 24:11 | RoR | AngelinaJolie · first_market_buy 100 food |
| 24:25 | mitrokhin · age_up castle |
| 27:39 | mitrokhin · wall_segment Palisade Wall x1 |
| 27:42 | RoR | AngelinaJolie · wall_segment Palisade Wall x1 |
| 27:43 | RoR | AngelinaJolie · wall_segment Palisade Wall x1 |
| 27:44 | RoR | AngelinaJolie · wall_segment Palisade Wall x1 |
| 27:51 | mitrokhin · first_building Monastery |
| 29:19 | mitrokhin · first_building Castle |
| 30:41 | mitrokhin · first_market_buy 100 stone |
| 31:12 | mitrokhin · first_building Siege Workshop |
| 34:05 | mitrokhin · wall_segment Palisade Wall x6 |
| 34:08 | RoR | AngelinaJolie · first_building Archery Range |
| 34:38 | mitrokhin · first_market_sell 100 food |
| 34:41 | RoR | AngelinaJolie · wall_segment Stone Wall x22 |
| 35:59 | RoR | AngelinaJolie · age_up imperial |
| 35:59 | RoR | AngelinaJolie · first_building Castle |
| 36:03 | mitrokhin · first_building Archery Range |
| 37:10 | RoR | AngelinaJolie · wall_segment Stone Wall x11 |
| 37:49 | RoR | AngelinaJolie · wall_segment Stone Wall x7 |
| 38:02 | mitrokhin · age_up imperial |
| 50:22 | RoR | AngelinaJolie · first_building Stable |
| 50:52 | mitrokhin · resign |
[ ANÁLISIS IA · 1 CRÉDITO ]
¿Qué pasó realmente en esta partida?
Wolo.gg analiza cada decisión: build order, eco, micro, errores típicos por bracket. Análisis personalizado por WhatsApp o Discord en 30 segundos.
Guía civ
Persas
Perfil
Jugador #508080